 Dungeon Crawl Stone Soup version 0.24.0-13-gcf9b3192b9 (webtiles) character file.

Game seed: 5142966685305662457, levelgen mode: deterministic

115 PentaManta the Sneak (level 5, -3/30 HPs)
             Began as a Kobold Assassin on Nov 10, 2019.
             Killed from afar by Sigmund (10 damage)
             ... with a magic dart
             ... on level 3 of the Dungeon.
             The game lasted 00:06:29 (2881 turns).

PentaManta the Sneak (Kobold Assassin)              Turns: 2881, Time: 00:06:29

Health: -3/30      AC:  3    Str:  9    XL:     5   Next: 20%
Magic:  5/5        EV: 17    Int: 12    God:
Gold:   94         SH:  0    Dex: 17    Spells: 4/4 levels left

rFire    . . .     SeeInvis .   m - +2 dagger (venom)
rCold    . . .     Gourm    .   (shield restricted)
rNeg     . . .     Faith    +   b - +0 robe
rPois    .         Spirit   .   (no helmet)
rElec    .         Reflect  .   c - +0 cloak
rCorr    .         Harm     .   (no gloves)
MR       .....                  (no boots)
Stlth    +++.......             v - amulet of faith
HPRegen  0.10/turn              (no ring)
MPRegen  0.09/turn              (no ring)

@: no status effects
A: small, carnivore
a: no special abilities


You were on level 3 of the Dungeon.
You were full.

You visited 1 branch of the dungeon, and saw 3 of its levels.

You collected 94 gold pieces.

Inventory:

Hand Weapons
 a - a +2 dagger
 j - a +0 short sword
 m - a +2 dagger of venom (weapon)
Missiles
 d - 8 poisoned darts
 s - a curare-tipped dart (quivered)
Armour
 b - a +0 robe (worn)
 c - a +0 cloak (worn)
Jewellery
 q - an uncursed ring of positive energy {unknown}
 v - an amulet of faith (around neck)
 x - a cursed -2 ring of protection {unknown}
Scrolls
 e - a scroll of remove curse {unknown}
 h - a scroll of amnesia
 o - a scroll of magic mapping
 t - a scroll of fog
Potions
 i - a potion of curing
 k - 2 potions of flight
 l - a potion of cancellation
 n - a potion of agility
 p - a potion of might {unknown}
 r - a potion of degeneration {unknown}
 u - a potion of haste {unknown}
 w - a potion of brilliance {unknown}
Comestibles
 f - 6 rations


   Skills:
 - Level 2.1 Fighting
 * Level 5.0 Short Blades
 - Level 2.1 Throwing
 * Level 4.0 Dodging
 - Level 5.3 Stealth


You had 4 spell levels left.
You didn't know any spells.
Your spell library was empty.

Dungeon Overview and Level Annotations

Branches:
Dungeon (3/15)

Altars:
Xom

Annotations:
D:3 Sigmund


Innate Abilities, Weirdness & Mutations

You are small and have problems with some larger weapons.
You are carnivorous and can eat meat at any time.


Message History

Sigmund is lightly wounded.
Sigmund hits you with a +0 scythe!
* * * LOW HITPOINT WARNING * * *
You closely miss Sigmund.
Sigmund is lightly wounded.
You hit Sigmund.
Sigmund looks as sick as possible!
Sigmund is moderately wounded.
Sigmund closely misses you.
You hit Sigmund but do no damage.
Sigmund looks as sick as possible!
Sigmund is moderately wounded.
You hit Sigmund.
Sigmund looks as sick as possible!
Sigmund is heavily wounded.
Sigmund barely misses you.
You hit Sigmund but do no damage.
Sigmund looks as sick as possible!
Sigmund is heavily wounded.
You closely miss Sigmund.
Sigmund is severely wounded.
Sigmund casts a spell at you. The magic dart hits you!
You die...

#.# #########.# ##### #####
........#.######...###### #....
........#.##............# #..).
........................###....
........................+......
................#.......###....
........#.#..÷.##.)...$.# #....
....##+##.#...@##...%...# #.)..
... ....#.#...@##...........#..
.. ....#.....÷..@..........#.#
. ......###...............#.#
##......................#.#
........................#.#
#####...##..(.(...........#..
...#####.........#+#####.....
.......+.....................


You could see Sigmund.

Vanquished Creatures
  A hound zombie (D:2)
  3 adders
  3 worms (D:2)
  3 dart slugs (D:2)
  2 leopard geckos (D:1)
  An orc (D:3)
  3 bats
  A giant cockroach (D:2)
  8 goblins
  8 hobgoblins
  4 jackals (D:2)
  2 quokkas (D:2)
  A ball python (D:1)
  6 kobolds
  9 rats
55 creatures vanquished.

Notes
Turn   | Place    | Note
-------+----------+-------------------------------------------
     0 | D:1      | PentaManta the Kobold Assassin began the quest for the Orb.
     0 | D:1      | Reached XP level 1. HP: 12/12 MP: 1/1
   263 | D:1      | Reached XP level 2. HP: 8/17 MP: 2/2
   697 | D:1      | Reached XP level 3. HP: 21/21 MP: 3/3
   894 | D:2      | HP: 1/21 [worm (12)]
  1456 | D:2      | Found a shimmering altar of Xom.
  1456 | D:2      | Found a shimmering altar of Xom.
  1457 | D:2      | Found a shimmering altar of Xom.
  1457 | D:2      | Found a shimmering altar of Xom.
  1458 | D:2      | Found a shimmering altar of Xom.
  1550 | D:2      | Reached XP level 4. HP: 9/26 MP: 4/4
  2286 | D:3      | Reached XP level 5. HP: 28/30 MP: 5/5
  2394 | D:3      | Noticed Sigmund
  2580 | D:3      | Reached skill level 5 in Short Blades
  2881 | D:3      | Killed from afar by Sigmund

Levels and vault maps discovered:
D:1:      dpeg_arrival_connections, layout_basic
D:2:      layout_basic, xom_redecorated
D:3:      layout_basic, gammafunk_ghost_cemetery, uniq_sigmund,
          uniq_crazy_yiuf_cottage

Skill      XL: |  1  2  3  4  5 |
---------------+----------------+-----
Short Blades   | 3 4 5 |  5.0
Dodging        | 2 3 4 |  4.0
Fighting       | |  2.1
Throwing       | |  2.1
Stealth        | |  5.3

Action                   |  1- 3 |  4- 6 || total
-------------------------+-------+-------++-------
Melee: Dagger            |   101 |    71 ||   172
Throw: Dart              |     2 |     3 ||     5
  Use: Scroll            |     3 |     6 ||     9
       Potion            |     1 |       ||     1
 Stab: Sleeping          |    11 |     8 ||    19
  Eat: Chunk             |     9 |     3 ||    12
Armor: Robe              |    15 |     3 ||    18
Dodge: Dodged            |    69 |    41 ||   110
